 Dungeon Crawl Stone Soup version 0.31-a0-263-ge8cad7f256 (webtiles) character file.

Game seed: 9145913832464149667

104 qw the Shooter (level 4, -3/36 HPs)
             Began as a Minotaur Hexslinger on July 13, 2023.
             Slain by an orc
             ... wielding a +0 trident
              (6 damage)
             ... on level 3 of the Dungeon.
             The game lasted 00:00:50 (2303 turns).

qw the Shooter (Minotaur Hexslinger)                Turns: 2303, Time: 00:00:50

Health: -3/36      AC:  5    Str: 11    XL:     4   Next: 52%
Magic:  4/4        EV: 10    Int: 10    God:
Gold:   108        SH:  0    Dex: 14    Spells: 4/5 levels left

rFire   . . .        Y - +1 sling
rCold   + . .        (no shield)
rNeg    . . .        b - +0 ring mail "Voonn" {rPois rC+ Str-2}
rPois   +            (helmet restricted)
rElec   .            (no cloak)
rCorr   .            (no gloves)
SInv    .            (no boots)
Will    ++...        (no amulet)
Stlth   +            f - ring of willpower
HPRegen 0.26/turn    g - ring of willpower
MPRegen 0.09/turn

%: no passive effects
@: no status effects
A: horns 2, retaliatory headbutt
a: no special abilities


You were on level 3 of the Dungeon.
You visited 1 branch of the dungeon, and saw 3 of its levels.

You collected 152 gold pieces.
You spent 44 gold pieces at shops.


Innate Abilities, Weirdness & Mutations

You have a pair of horns on your head.
You reflexively headbutt those who attack you in melee.


   Skills:
 - Level 2.1 Fighting
 + Level 4.9 Ranged Weapons
 - Level 1.0 Armour
 - Level 2.1 Dodging
 - Level 1.0 Spellcasting
 - Level 2.0 Hexes


You had 4 spell levels left.
You knew the following spells:

 Your Spells              Type           Power      Damage    Failure   Level
a - Slow                  Hex            16%        N/A       34%         1

Your spell library contained the following spells:

 Spells                   Type           Power      Damage    Failure   Level
 Inner Flame              Hex/Fire       2%         N/A       85%         3
 Portal Projectile        Hex/Tloc       4%         N/A       85%         3
 Cause Fear               Hex            2%         N/A       98%         4

Inventory:

Hand Weapons
 Y - a +1 sling (weapon)
Armour
 b - the +0 ring mail "Voonn" (worn) {rPois rC+ Str-2}
   (You found it on level 2 of the Dungeon)

   Str:       It affects your strength (-2).
   rC:        It protects you from cold.
   rPois:     It protects you from poison.
 d - a +0 ring mail
Jewellery
 f - a ring of willpower (left hand)
 g - a ring of willpower (right hand)
Potions
 c - 2 potions of heal wounds {unknown}
 e - a potion of enlightenment {unknown}
 i - a potion of mutation {unknown}

Dungeon Overview and Level Annotations

Branches:
Dungeon (3/15)

Altars:

Shops:
D:2 *


Message History

You shoot a sling bullet. The sling bullet hits the hobgoblin.
You kill the hobgoblin!
You shoot a sling bullet. The orc shouts!
The sling bullet hits the ice beast.
The ice beast is heavily wounded.
You hear a shout!
You shoot a sling bullet.
The sling bullet barely misses the ice beast.
The ice beast hits you. The ice beast freezes you. You resist.
A goblin comes into view. It is wielding a +0 dagger.
You shoot a sling bullet. The goblin shouts!
The sling bullet hits the ice beast.
The ice beast is heavily wounded.
The ice beast hits you. The ice beast freezes you. You resist.
The ice beast hits you but does no damage.
You shoot a sling bullet.
The sling bullet completely misses the ice beast.
The ice beast misses you.
You shoot a sling bullet.
The sling bullet barely misses the ice beast.
The sling bullet hits the orc but does no damage.
The ice beast hits you. The ice beast freezes you. You resist.
The orc hits you from afar with a +0 trident.
You shoot a sling bullet. The orc shouts! x2
The sling bullet hits the ice beast but does no damage.
The ice beast is heavily wounded.
The ice beast closely misses you.
The orc hits you from afar with a +0 trident.
The ice beast hits you. The ice beast freezes you. You resist.
The orc hits you from afar with a +0 trident.
You shoot a sling bullet.
The sling bullet hits the ice beast but does no damage.
The ice beast is heavily wounded.
A worm comes into view.
The ice beast hits you but does no damage.
The orc hits you from afar with a +0 trident.
You die...

...)......##.#.#
..........##.#.#
######.........#
#######.###
####.###
#..%...# .
#......# ...
#......###....w
######.@Yogo...
#####oo.!. ...
... ... . ...
... ... ... ...
...


You could see an ice beast, a worm (wandering), 4 orcs and a goblin.

Vanquished Creatures
  3 adders (D:2)
  2 worms (D:3)
  6 dart slugs
  7 bats
  6 endoplasms
  2 giant cockroaches (D:1)
  3 hobgoblins
  4 jackals (D:1)
  4 kobolds
  A quokka (D:1)
  7 ball pythons
  7 frilled lizards
  2 goblins
  5 rats
59 creatures vanquished.

Notes
Turn   | Place    | Note
-------+----------+-------------------------------------------
     0 | D:1      | qw the Minotaur Hexslinger began the quest for the Orb.
     0 | D:1      | Reached XP level 1. HP: 16/16 MP: 1/1
     0 | D:1      | 0 ||| qw: Version: 0.3-a-52-g30416fa
     0 | D:1      | 0 ||| qw: Game counter: 7535
     0 | D:1      | 0 ||| qw: Melee chars always use a shield: true
     0 | D:1      | 0 ||| qw: God list: Okawaru
     0 | D:1      | 0 ||| qw: Allow faded altars: false
     0 | D:1      | 0 ||| qw: Do Orc after clearing Dungeon:15 true
     0 | D:1      | 0 ||| qw: Do second Lair branch before Depths: true
     0 | D:1      | 0 ||| qw: Lair rune preference: random
     0 | D:1      | 0 ||| qw: Goals: Normal
     0 | D:1      | 0 ||| PLANNING D:1-11
    33 | D:1      | 33 ||| FLEEEEING.
    34 | D:1      | 34 ||| FLEEEEING.
    41 | D:1      | Reached skill level 3 in Ranged Weapons
    82 | D:1      | Reached XP level 2. HP: 23/23 MP: 2/2
   226 | D:1      | 226 ||| FLEEEEING.
   227 | D:1      | 227 ||| FLEEEEING.
   228 | D:1      | 228 ||| FLEEEEING.
   411 | D:1      | Reached XP level 3. HP: 29/29 MP: 3/3
   733 | D:1      | 733 ||| DROPPING amulet of magic regeneration.
   734 | D:1      | 734 ||| READING 3 scrolls labelled LYURINTYTA.
   738 | D:1      | 738 ||| READING scroll labelled VADWYI PUMA.
   739 | D:1      | 739 ||| DRINKING 2 fizzy red potions.
   740 | D:1      | 740 ||| DROPPING scroll of poison.
   741 | D:1      | 741 ||| DROPPING potion of brilliance.
   825 | D:2      | Identified the +0 ring mail "Voonn" {rPois rC+ Str-2}
   964 | D:2      | Reached skill level 4 in Ranged Weapons
   966 | D:2      | HP: 5/29 [adder (3)]
   967 | D:2      | 967 ||| READING 3 scrolls of teleportation.
  1166 | D:2      | Found Elugh's General Store.
  1174 | D:2      | 1174 ||| BUYING +0 ring mail (44 gold).
  1174 | D:2      | Bought a +0 ring mail for 44 gold pieces
  1174 | D:2      | 1174 ||| SHOPLISTING potion of curing (33 gold, have 23).
  1174 | D:2      | 1174 ||| SHOPLISTING potion of haste (110 gold, have 23).
  1174 | D:2      | 1174 ||| SHOPLISTING ring of resist corrosion (220 gold,
                  | have 23).
  1303 | D:2      | Found a faded altar of an unknown god.
  1421 | D:2      | Reached XP level 4. HP: 26/36 MP: 4/4
  1905 | D:2      | 1905 ||| UPGRADING to +0 ring mail "Voonn" {rPois rC+
                  | Str-2}.
  1915 | D:2      | 1915 ||| DROPPING +0 robe.
  1916 | D:2      | 1916 ||| UPGRADING to ring of willpower.
  1917 | D:2      | 1917 ||| UPGRADING to ring of willpower.
  1918 | D:2      | 1918 ||| READING scroll labelled GEUM BUMISK.
  1964 | D:3      | Reached skill level 1 in Armour
  2109 | D:3      | Noticed an ice beast
  2119 | D:3      | HP: 6/36 [ice beast (7)]
  2120 | D:3      | 2120 ||| READING 2 scrolls of teleportation.
  2124 | D:3      | 2124 ||| READING scroll of teleportation.
  2125 | D:3      | HP: 1/36 [orc/+0 trident (7)]
  2302 | D:3      | HP: 8/36 [ice beast (4)]
  2302 | D:3      | HP: 2/36 [orc/+0 trident (6)]
  2303 | D:3      | Slain by an orc

Levels and vault maps discovered:
D:1:      dpeg_arrival_houses_and_road, layout_basic
D:2:      layout_loops_ring, serial_shops, shop, ebering_ecumenical_altar_hall,
          nrook_loot_triangle, corexii_item_surrounded_by_moat, st_stairs_7,
          minmay_stone_trees_large, minmay_misc_feat_hallway, minmay_ruptured,
          uniq_crazy_yiuf_cottage
D:3:      layout_basic, corexii_corridor_pit, kennysheep_nub

Skill      XL: |  1  2  3  4 |
---------------+-------------+-----
Ranged Weapons | 3 4 |  4.9
Fighting       | 2 |  2.1
Armour         | 1 |  1.0
Dodging        | |  2.1
Spellcasting   | |  1.0
Hexes          | |  2.0

Action                     |  1- 3 |  4- 6 || total
---------------------------+-------+-------++-------
   Fire: Sling             |   113 |    79 ||   192
    Use: Scroll            |     3 |     3 ||     6
         Potion            |     1 |       ||     1
 Armour: Robe              |     6 |       ||     6
         Ring mail         |       |    21 ||    21
  Dodge: Dodged            |    29 |    19 ||    48

Table legend:
 A = Non-vault XP
 B = Vault XP
 C = Vault XP percentage of total XP
 D = Non-vault monster count
 E = Vault monster count
 F = Vault count percentage of total count
                 A         B        C        D         E       F
            +---------+---------+-------+---------+---------+-------
      Total |     117 |      32 |  21.5 |      54 |       5 |   8.5
            +---------+---------+-------+---------+---------+-------
        D:1 |      53 |       0 |   0.0 |      26 |       0 |   0.0
        D:2 |      29 |      32 |  52.5 |      11 |       5 |  31.2
        D:3 |      35 |       0 |   0.0 |      17 |       0 |   0.0
            +---------+---------+-------+---------+---------+-------
